 Dungeon Crawl Stone Soup version 0.22.0 (webtiles) character file.

671237 Gravenous the Slayer (level 27, -6/137 HPs)
             Began as a Gargoyle Gladiator on Aug 11, 2018.
             Was the Champion of Okawaru.
             Killed from afar by an orb of fire (46 damage)
             ... with a fireball
             ... on level 5 of the Realm of Zot.
             The game lasted 03:02:56 (77171 turns).

Gravenous the Slayer (Gargoyle Gladiator)          Turns: 77171, Time: 03:02:57

Health: -6/137     AC: 49    Str: 35    XL:     27
Magic:  29/33      EV: 12    Int: 10    God:    Okawaru [******]
Gold:   8071       SH: 28    Dex: 11    Spells: 26/26 levels left

rFire    + . .     SeeInvis .   a - +9 eveningstar (drain)
rCold    + + .     Gourm    .   n - +0 large shield {AC+3}
rNeg     + + .     Faith    +   v - quicksilver dragon scales
rPois    ∞         Spirit   .   (helmet restricted)
rElec    +         Reflect  .   V - +0 cloak of the Mackerel {rElec rC++ Regen+ rCorr}
rCorr    +         Harm     .   U - +2 pair of gloves {Str+3}
MR       ++++.                  O - +1 pair of boots {run}
Stlth    +.........             F - amulet of faith
HPRegen  0.72/turn              W - ring of protection from fire
MPRegen  0.23/turn              p - ring of Munwus {+Inv rPois rN+ MR+ Str+4}

@: finesse, flying, quick
A: big wings, claws 1, horns 1, blurry vision 1, dopey 1, frail 3, low mp 1,
negative energy resistance 1, screaming 1, electricity resistance, unbreathing,
evolution 1, petrification resistance, rot immunity, AC +20
}: 4/15 runes: decaying, slimy, silver, gossamer
a: Stop Flying, Heroism, Finesse, Renounce Religion, Evoke Invisibility


You were on level 5 of the Realm of Zot.
You worshipped Okawaru.
Okawaru was exalted by your worship.
You were very hungry.

You visited 11 branches of the dungeon, and saw 55 of its levels.
You visited the Abyss 2 times.
You also visited: Labyrinth, Sewer, Ossuary and Desolation.

You collected 8071 gold pieces.

Inventory:

Hand Weapons
 a - a +9 eveningstar of draining (weapon)
 y - a +1 eveningstar of crushing
Missiles
 d - 7 throwing nets (quivered)
Armour
 n - a +0 large shield of protection (worn)
 q - a +2 helmet
 v - quicksilver dragon scales (worn)
 L - +0 gold dragon scales
 O - a +1 pair of boots of running (worn)
 R - a scarf of resistance
 U - a +2 pair of gloves of strength (worn)
 V - the +0 cloak of the Mackerel (worn) {rElec rC++ Regen+ rCorr}
   (You acquired it on level 1 of the Depths)

   It greatly protects you from cold.
   It insulates you from electricity.
   It increases your rate of regeneration.
   It provides partial protection from all sources of acid and corrosion.
Jewellery
 g - an uncursed ring of see invisible
 p - the ring of Munwus (right hand) {+Inv rPois rN+ MR+ Str+4}
   (You acquired it on level 5 of the Lair of Beasts)

   [ring of protection from magic]

   It affects your strength (+4).
   It protects you from poison.
   It protects you from negative energy.
   It affects your resistance to hostile enchantments.
   It lets you turn invisible.
 r - an uncursed ring of resist corrosion
 F - an amulet of faith (around neck)
 M - an uncursed amulet of regeneration
 W - a ring of protection from fire (left hand)
Wands
 b - a wand of paralysis (57)
 i - a wand of iceblast (41)
 u - a wand of scattershot (9)
 D - a wand of digging (37)
 I - a wand of clouds (20)
 Y - a wand of acid (21)
Scrolls
 e - 25 scrolls of teleportation
 h - 7 scrolls of magic mapping
 k - 9 scrolls of enchant armour
 l - 24 scrolls of remove curse
 A - 15 scrolls of identify
 C - a scroll of summoning
 N - 4 scrolls of holy word
 P - a scroll of blinking
 S - 8 scrolls of fog
 T - 6 scrolls of fear
Potions
 j - 4 potions of haste
 m - a potion of invisibility
 o - 4 potions of resistance
 t - 6 potions of magic
 x - 5 potions of berserk rage
 z - 9 potions of heal wounds
 B - 5 potions of ambrosia
 E - a potion of cancellation
 G - 6 potions of mutation
 H - 24 potions of curing
 K - 8 potions of agility
 Z - 2 potions of might
Miscellaneous
 c - a fan of gales
 s - a phial of floods
 w - 4 sacks of spiders
 J - a lamp of fire
 Q - 3 phantom mirrors
 X - 7 boxes of beasts
Comestibles
 f - 85 rations


   Skills:
 - Level 26.0 Fighting
 - Level 20.0 Maces & Flails
 - Level 1.7 Throwing
 - Level 20.5 Armour
 - Level 2.4 Dodging
 - Level 25.0 Shields
 * Level 20.9 Invocations
 - Level 12.7 Evocations


You had 26 spell levels left.
You didn't know any spells.
Your spell library contained the following spells:

 Spells                   Type           Power        Failure   Level  Hunger
 Cause Fear               Hex            #.........   99%         4    #####..
 Magic Dart               Conj           #...         41%         1    ##.....
 Fireball                 Conj/Fire      #.........   100%        5    ######.
 Apportation              Tloc           #.....       41%         1    ##.....
 Conjure Flame            Conj/Fire      #.......     80%         3    ####...
 Bolt of Fire             Conj/Fire      #.........   100%        6    #######
 Bolt of Cold             Conj/Ice       #.........   100%        6    #######
 Bolt of Magma            Conj/Fire/Erth #.........   100%        5    ######.
 Slow                     Hex            #.......     56%         2    ###....
 Confuse                  Hex            #.......     80%         3    ####...
 Invisibility             Hex            #.......     100%        6    #######
 Throw Frost              Conj/Ice       #.....       56%         2    ###....
 Freezing Cloud           Conj/Ice/Air   #.........   100%        6    #######
 Mephitic Cloud           Conj/Pois/Air  #.......     80%         3    ####...
 Ring of Flames           Chrm/Fire      #.........   100%        7    #######
 Venom Bolt               Conj/Pois      #.........   100%        5    ######.
 Summon Small Mammal      Summ           #...         41%         1    ##.....
 Bolt of Draining         Conj/Necr      #.........   100%        5    ######.
 Blink                    Tloc           N/A          56%         2    ###....
 Iskenderun's Mystic Bla  Conj           #.......     99%         4    #####..
 Animate Dead             Necr           N/A          99%         4    #####..
 Pain                     Necr           #...         41%         1    ##.....
 Animate Skeleton         Necr           N/A          41%         1    ##.....
 Vampiric Draining        Necr           #.........   80%         3    ####...
 Freeze                   Ice            #...         41%         1    ##.....
 Ozocubu's Refrigeration  Ice            #.........   100%        6    #######
 Summon Ice Beast         Ice/Summ       #.......     99%         4    #####..
 Ozocubu's Armour         Chrm/Ice       #.......     80%         3    ####...
 Call Imp                 Summ           #.......     56%         2    ###....
 Dispel Undead            Necr           #.......     100%        5    ######.
 Regeneration             Chrm/Necr      #.........   80%         3    ####...
 Sting                    Conj/Pois      #...         41%         1    ##.....
 Sublimation of Blood     Necr           #.........   56%         2    ###....
 Tukima's Dance           Hex            #.......     80%         3    ####...
 Summon Demon             Summ           #.........   100%        5    ######.
 Corpse Rot               Necr           N/A          56%         2    ###....
 Stone Arrow              Conj/Erth      #.....       80%         3    ####...
 Swiftness                Chrm/Air       #.......     56%         2    ###....
 Recall                   Summ/Tloc      N/A          80%         3    ####...
 Agony                    Necr           #.......     100%        5    ######.
 Spider Form              Tmut/Pois      #.........   80%         3    ####...
 Blade Hands              Tmut           #.........   100%        5    ######.
 Statue Form              Tmut/Erth      #........    100%        6    #######
 Ice Form                 Ice/Tmut       #.......     99%         4    #####..
 Death Channel            Necr           #.........   100%        6    #######
 Deflect Missiles         Chrm/Air       #.........   100%        6    #######
 Throw Icicle             Conj/Ice       #.......     99%         4    #####..
 Shadow Creatures         Summ           N/A          100%        6    #######
 Confusing Touch          Hex            #.....       41%         1    ##.....
 Passwall                 Tmut/Erth      #.......     56%         2    ###....
 Ignite Poison            Fire/Tmut/Pois #.......     80%         3    ####...
 Sticks to Snakes         Tmut           #.......     56%         2    ###....
 Call Canine Familiar     Summ           #.......     80%         3    ####...
 Metabolic Englaciation   Hex/Ice        #.........   100%        5    ######.
 Summon Butterflies       Summ           #.......     41%         1    ##.....
 Silence                  Hex/Air        #.........   100%        5    ######.
 Alistair's Intoxication  Tmut/Pois      #.......     100%        5    ######.
 Lee's Rapid Deconstruct  Erth           #.........   100%        5    ######.
 Sandblast                Erth           #.....       41%         1    ##.....
 Simulacrum               Ice/Necr       #.........   100%        6    #######
 Excruciating Wounds      Chrm/Necr      #.........   100%        5    ######.
 Petrify                  Tmut/Erth      #.......     99%         4    #####..
 Passage of Golubria      Tloc           N/A          99%         4    #####..
 Summon Hydra             Summ           #.........   100%        7    #######
 Darkness                 Hex            #.........   100%        6    #######
 Shroud of Golubria       Chrm/Tloc      #.........   56%         2    ###....
 Aura of Abjuration       Summ           #.........   100%        5    ######.
 Beastly Appendage        Tmut           #.....       41%         1    ##.....
 Disjunction              Tloc           #.........   100%        8    #######
 Fulminant Prism          Conj/Hex       #.........   99%         4    #####..
 Dazzling Spray           Conj/Hex       #.....       80%         3    ####...
 Force Lance              Conj/Tloc      #.......     99%         4    #####..
 Infusion                 Chrm           #...         41%         1    ##.....
 Song of Slaying          Chrm           #.......     56%         2    ###....
 Spectral Weapon          Hex/Chrm       #.......     80%         3    ####...
 Searing Ray              Conj           #.....       56%         2    ###....
 Discord                  Hex            #.........   100%        8    #######
 Summon Forest            Summ/Tloc      #.........   100%        5    ######.
 Summon Lightning Spire   Summ/Air       #.......     99%         4    #####..
 Summon Guardian Golem    Hex/Summ       #.......     80%         3    ####...
 Dragon's Call            Summ           #.........   100%        9    #######
 Spellforged Servitor     Conj/Summ      #.........   100%        7    #######
 Summon Mana Viper        Hex/Summ       #.......     100%        5    ######.
 Hydra Form               Tmut           #.........   100%        6    #######
 Irradiate                Conj/Tmut      #.........   100%        5    ######.
 Gell's Gravitas          Tloc           #.........   80%         3    ####...
 Yara's Violent Unravell  Hex/Tmut       #.........   100%        5    ######.
 Lesser Beckoning         Tloc           #.........   80%         3    ####...
 Poisonous Vapours        Pois/Air       #.....       56%         2    ###....
 Ignition                 Fire           #.........   100%        8    #######
 Borgnjor's Vile Clutch   Necr/Erth      #.........   100%        5    ######.


Dungeon Overview and Level Annotations

Branches:
Dungeon (15/15)            Temple (1/1) D:6            Lair (6/6) D:10
  Swamp (4/4) Lair:2       Spider (4/4) Lair:4        Slime (5/5) Lair:5
    Orc (2/2) D:9             Elf (3/3) Orc:2        Vaults (5/5) D:14
  Crypt (0/3) Vaults:3     Depths (5/5) D:15            Zot (5/5) Depths:5

Altars:
Ashenzari
Cheibriados
Dithmenos
Elyvilon
Fedhas
Gozag
Hepliaklqana
Kikubaaqudgha
Makhleb
Nemelex Xobeh
Okawaru
Qazlal
Ru
Sif Muna
Trog
Uskayaw
Wu Jian
Xom
Zin
The Shining One
Beogh
Jiyva

Shops:
D:13 %   Orc:2 (!%(   Elf:1 :   Vaults:3 }   Vaults:5 =   Depths:5 *%}:

Portals:
Hell: Depths:1 Depths:2 Depths:3 Depths:4 Depths:5
Abyss: Depths:1 Depths:4 Depths:5
Pandemonium: Depths:1 Depths:3 Depths:5
Ziggurat: Depths:2

Annotations:
D:13 3 runed doors, Wokom's ghost, novice FoEn
Lair:2 2 transporters
Spider:3 1 runed door, Yxynavorch's ghost, adept DsTm
Elf:2 5 runed doors
Depths:2 1 runed door, Toqiten's ghost, adept OgFE


Innate Abilities, Weirdness & Mutations

You are resistant to torment.
Your stone body is resilient. (AC +20)
You are immune to poison.
Your large and strong wings let you fly indefinitely.
You resist negative energy. (rN+)
You are resistant to electric shocks. (rElec)
You can survive without breathing.
You are immune to petrification.
You are immune to rotting.
You have sharp fingernails.
You have a pair of small horns on your head.
Scrolls take you a little longer to read.
You are dopey. (Int -2)
You are extremely frail. (-30% HP)
Your magical capacity is low. (-10% MP)
You occasionally shout uncontrollably at your foes.
You evolve.


Message History

You barely miss the red draconian. You headbutt the red draconian!
The red draconian is lightly wounded.
The red draconian breathes flames at you.
The searing blast hits you!
You impale the red draconian!!
The red draconian is moderately wounded.
You are engulfed in blazing flames.
You resist.
The orb of fire glows bright magenta.
The fireball explodes!
The fireball engulfs you! You resist.
The fireball engulfs the red draconian.
The red draconian resists.
You impale the red draconian!!
You kill the red draconian!
Okawaru accepts your kill.
You are engulfed in blazing flames.
You resist.
The orb of fire glows yellow.
The fireball explodes!
The fireball engulfs you! You resist.
* * * LOW HITPOINT WARNING * * *
The orb of fire glows red.
The fireball explodes!
The fireball engulfs you! You resist.
You die...

###'###.....#....................
......#######....................
.................############)...
.................#..........#....
.................#..........#....
.................#..........'....
.................###÷..###..#....
##'####'############...###..#)...
........#.....*.@§..<.......#....
.......)#.......)...........#....
###▓▓▓▓########.########▓▓▓▓#####
#...............#
##.............# #............)#
##...........## #...........#
..... ##...........## .....


You could see an orb of fire.

Vanquished Creatures
  the Royal Jelly (Slime:5)
  5 orbs of fire
  Mara (Vaults:4)
  An ancient lich (Zot:5)
  A juggernaut (Depths:2)
  Saint Roka (Depths:1)
  Margery (Depths:4)
  2 curse toes (Zot:4)
  12 golden dragons
  A Killer Klown (Zot:5)
  Jory (Vaults:2)
  2 bone dragons
  Arachne (Spider:3)
  23 tentacled monstrosities
  5 electric golems
  Rupert (Lair:3)
  6 Orb Guardians
  6 liches
  2 deep elf blademasters (Elf:3)
  2 deep elf master archers (Elf:3)
  5 quicksilver dragons
  16 acid blobs
  6 titans
  5 sphinxes
  12 death cobs
  Agnes (Spider:4)
  2 thorn hunters
  A tentacled starspawn (Abyss:2)
  Kirke (Spider:3)
  10 shadow dragons
  3 draconian monks
  15 storm dragons
  9 azure jellies
  11 tengu reavers
  10 deep elf sorcerers
  8 fire giants
  5 ghost moths
  16 vault wardens
  3 orc warlords
  3 imperial myrmidons (Desolation)
  2 draconian knights
  2 iron dragons
  12 emperor scorpions
  6 draconian shifters
  16 frost giants
  5 deep elf elementalists (Elf:3)
  2 ghouls
  5 draconian scorchers
  A draconian annihilator (Zot:2)
  17 ironheart preservers
  3 spriggan defenders (Depths:4)
  2 war gargoyles (Vaults:5)
  6 draconian stormcallers
  2 entropy weavers
  7 green draconians
  2 vampire knights
  30 very ugly things
  20 stone giants
  8 black draconians
  8 deep elf demonologists
  The ghost of Nuby the Earth Mage, a journeyman DEEE of Sif Muna (Lair:5)
  A lorocyproca (Vaults:4)
  A dire elephant (D:15)
  9 deep elf annihilators
  Azrael (Elf:1)
  A minotaur (Lab)
  10 purple draconians
  6 yellow draconians
  17 red draconians
  3 halazid warlocks (Desolation)
  13 white draconians
  7 ettins
  2 crystal guardians (Desolation)
  11 spark wasps
  Snorg (Lair:4)
  5 death oozes
  8 deep elf death magi
  17 yaktaur captains
  14 fire dragons
  6 deep elf high priests
  A green death (Depths:1)
  9 great orbs of eyes
  A merfolk impaler (Depths:3)
  14 ogre magi
  10 ragged hierophants (Desolation)
  31 vault guards
  2 small abominations
  9 ice dragons
  5 rakshasas
  7 peacekeepers
  6 servants of whispers (Desolation)
  30 hydras
  A catoblepas (Lair:6)
  11 centaur warriors
  3 spriggan air magi
  A merfolk avatar (Lair:6)
  42 two-headed ogres
  4 death knights
  A satyr (shapeshifter) (Vaults:5)
  A death yak (Lair:5)
  11 dancing weapons
  6 deep troll earth magi
  8 deep troll shamans
  4 orc high priests
  5 tengu warriors
  18 alligators
  4 spriggan berserkers
  Sonja (Lair:3)
  A sun demon (Depths:1)
  A vampire mage (Vaults:3)
  Nergalle (Lair:2)
  18 deep elf knights
  3 skeletal warriors
  4 iron trolls
  A sixfirhy (Depths:1)
  A fire crab (shapeshifter) (Vaults:3)
  8 hell knights
  A shadow wraith (Vaults:4)
  5 wizards
  5 flayed ghosts
  6 unseen horrors
  A swamp dragon (shapeshifter) (D:14)
  An unseen horror (shapeshifter) (Depths:2)
  A deep troll (shapeshifter) (Vaults:4)
  3 spriggan druids (Swamp:4)
  17 deep trolls
  3 glowing orange brains
  13 swamp dragons
  2 infernal demonspawn (Depths:1)
  A lindwurm (Lair:5)
  4 shambling mangroves
  Pikel (D:9)
  An orange crystal statue (Abyss:3)
  2 phantasmal warriors (Vaults:4)
  11 deep elf archers
  15 ironbrand convokers
  7 necromancers
  25 orc knights
  5 harpies
  A shadow dragon zombie (Vaults:5)
  47 deep elf magi
  15 orb spiders
  35 ugly things
  A tengu skeleton (Vaults:1)
  7 orc sorcerers
  4 shining eyes
  7 manticores
  A frost giant zombie (Vaults:5)
  3 cyclopes
  56 wolf spiders
  2 fire giant skeletons
  A moth of wrath (shapeshifter) (Vaults:4)
  5 black mambas
  A salamander (D:15)
  34 moths of wrath
  Joseph (D:8)
  A smoke demon (Abyss:2)
  18 vault sentinels
  A titan simulacrum (Depths:1)
  A molten gargoyle (Desolation)
  6 guardian serpents
  17 spiny frogs
  2 gargoyles
  An ice statue (Lair:2)
  2 torpor snails
  An eye of devastation (shapeshifter) (Vaults:1)
  An elf skeleton (Vaults:5)
  4 centaur skeletons
  43 yaktaurs
  2 hellions (Zot:3)
  A komodo dragon (shapeshifter) (D:15)
  2 yaktaur zombies
  8 demonic crawlers
  A catoblepas zombie (Abyss:3)
  14 freezing wraiths
  2 kobold demonologists
  3 efreet
  20 komodo dragons
  A redback zombie (D:15)
  5 tengu conjurers
  A troll (shapeshifter) (Elf:1)
  10 trolls
  6 polar bears
  A merfolk (shapeshifter) (Depths:5)
  A tengu simulacrum (Vaults:3)
  3 meliai (D:13)
  44 jumping spiders
  65 slime creatures
  4 raiju (Abyss:2)
  A wind drake (shapeshifter) (Depths:1)
  31 hornets
  9 tyrant leeches
  65 saltlings
  3 hippogriffs
  3 large abominations
  6 blink frogs
  10 bog bodies
  Sigmund (D:5)
  3 stone giant simulacra
  An ice dragon skeleton (Depths:1)
  A centaur simulacrum (D:13)
  17 spriggans
  4 wraiths
  4 wyverns
  6 shadows
  A vampire (D:13)
  7 water elementals
  75 redbacks
  2 air elementals (Elf:2)
  8 starcursed masses (Abyss:2)
  36 tarantellas
  A ynoxinul (Depths:1)
  2 basilisks
  A hungry ghost (D:7)
  48 yaks
  10 golden eyes
  30 fire elementals
  A yaktaur simulacrum (Vaults:1)
  11 vampire mosquitoes
  13 wargs
  21 insubstantial wisps
  20 swamp worms
  3 acid dragons
  A soldier ant (D:11)
  12 water moccasins
  2 hell hounds (Elf:1)
  A deep troll skeleton (Vaults:1)
  3 floating eyes
  64 orc warriors
  Purgy (Sewer)
  A floating eye (shapeshifter) (Vaults:4)
  11 porcupines
  An orc zombie (Vaults:1)
  17 swamp drakes
  3 sky beasts
  A slave (D:9)
  A black bear (D:13)
  3 eyes of draining
  2 phantoms
  An eye of draining (shapeshifter) (Depths:3)
  10 ice beasts
  A human zombie (Vaults:1)
  A necrophage (D:8)
  7 wolves
  36 ogres
  10 boggarts
  28 centaurs
  20 crocodiles
  A human skeleton (Vaults:1)
  5 big kobolds
  8 earth elementals
  12 bullfrogs
  A wyvern skeleton (D:13)
  2 scorpions
  An elf simulacrum (Vaults:3)
  An orc simulacrum (Vaults:1)
  4 human simulacra
  11 killer bees
  A spriggan skeleton (Lab)
  5 electric eels
  6 wights
  4 howler monkeys
  4 centaur zombies
  8 crimson imps
  2 quasits
  3 bullfrog zombies
  3 hounds
  5 jellies
  24 orc wizards
  26 orc priests
  An iron imp (D:6)
  3 bullfrog skeletons
  Jessica (D:4)
  An iguana (D:11)
  9 worker ants
  A bullfrog simulacrum (D:13)
  An ogre skeleton (Lab)
  A hound zombie (Ossuary)
  18 mummies (Ossuary)
  5 howler monkey zombies (Ossuary)
  4 gnolls (Orc:2)
  6 worker ant zombies
  15 adders
  5 shadow imps
  25 white imps
  3 ufetubi
  3 oozes
  3 adder skeletons
  An adder zombie (Ossuary)
  3 worms
  4 dart slugs
  6 leopard geckos
  107 orcs
  5 giant cockroaches
  10 goblins
  10 hobgoblins
  21 jackals
  A jackal (shapeshifter) (Vaults:5)
  14 kobolds
  4 quokkas
  5 ball pythons
  A ball python zombie (Ossuary)
  10 bats
  11 frilled lizards
  2 goblin skeletons (D:6)
  A goblin zombie (D:6)
  4 hobgoblin zombies (D:6)
  A jackal zombie (Ossuary)
  2 leopard gecko skeletons
  A leopard gecko zombie (Ossuary)
  A quokka skeleton (D:7)
  4 quokka zombies
  10 rats
  A rat zombie (D:4)
  6 crawling corpses
  A plant (D:10)
  A starspawn tentacle (Abyss:2)
2617 creatures vanquished.

Vanquished Creatures (collateral kills)
  A manticore (Lair:6)
  A crocodile (Lair:6)
2 creatures vanquished.

Vanquished Creatures (others)
  2 draconian knights
  An ironheart preserver (Vaults:5)
  A deep elf knight (Elf:3)
  2 deep trolls (Depths:5)
  A necromancer (Vaults:5)
  A deep elf mage (Elf:1)
  A moth of wrath (Zot:2)
  A redback (Spider:4)
  A wyvern (shapeshifter) (Depths:3)
  5 humans (Spider:3)
  An orc warrior (Orc:2)
  A centaur (D:9)
  2 orc wizards
  A hobgoblin (D:3)
  A crawling corpse (Vaults:5)
  12 fungi
  A lurking horror (Abyss:2)
  13 plants
  3 starspawn tentacles (Abyss:2)
  A withered plant (Ossuary)
52 creatures vanquished.

Grand Total: 2671 creatures vanquished

Notes
Turn   | Place    | Note
-------+----------+-------------------------------------------
     0 | D:1      | Gravenous the Gargoyle Gladiator began the quest for the Orb.
     0 | D:1      | Reached XP level 1. HP: 12/12 MP: 1/1
   230 | D:1      | Reached XP level 2. HP: 10/18 MP: 2/2
   968 | D:2      | Reached skill level 1 in Armour
   968 | D:2      | Reached XP level 3. HP: 22/22 MP: 3/3
  1437 | D:2      | Reached skill level 3 in Fighting
  1437 | D:2      | Reached XP level 4. HP: 25/28 MP: 4/4
  1986 | D:3      | Reached XP level 5. HP: 8/32 MP: 5/5
  2290 | D:3      | Noticed a phantom
  2333 | D:3      | Killed a phantom
  2333 | D:3      | Reached skill level 5 in Maces & Flails
  2584 | D:3      | Reached XP level 6. HP: 38/38 MP: 6/6
  2702 | D:3      | Found a sparkling altar of Nemelex Xobeh.
  2814 | D:3      | Found an opulent altar of Gozag.
  3226 | D:4      | Reached skill level 4 in Fighting
  3411 | D:4      | Found a sand-covered staircase.
  3418 | Ossuary  | Entered an ossuary
  3453 | Ossuary  | Reached XP level 7. HP: 32/43 MP: 4/7
  4092 | Ossuary  | Reached skill level 5 in Fighting
  4150 | Ossuary  | Reached XP level 8. HP: 44/49 MP: 6/8
  4331 | D:4      | Noticed Jessica
  4339 | D:4      | Killed Jessica
  4346 | D:4      | Found a deep blue altar of Sif Muna.
  4896 | D:5      | Entered Level 5 of the Dungeon
  5179 | D:5      | Reached skill level 5 in Armour
  5613 | D:6      | Noticed Sigmund
  5633 | D:5      | Killed Sigmund
  5633 | D:5      | Reached skill level 6 in Fighting
  5680 | D:6      | Found a glowing golden altar of the Shining One.
  5732 | D:6      | Reached XP level 9. HP: 56/56 MP: 9/9
  5751 | D:6      | Found a glowing drain.
  5777 | Sewer    | Entered a sewer
  5805 | Sewer    | Noticed Purgy
  5817 | Sewer    | Killed Purgy
  6419 | D:6      | Found a blossoming altar of Fedhas.
  6549 | D:6      | Found a staircase to the Ecumenical Temple.
  6556 | Temple   | Entered the Ecumenical Temple
  6566 | Temple   | Became a worshipper of Warmaster Okawaru
  6894 | D:7      | Reached skill level 1 in Invocations
  6968 | D:7      | Reached skill level 7 in Fighting
  7237 | D:7      | Reached * piety under Okawaru
  7340 | D:7      | Found a shattered altar of Ashenzari.
  7340 | D:7      | Found a shimmering altar of Xom.
  7367 | D:7      | Found a snail-covered altar of Cheibriados.
  7369 | D:7      | Found a hazy altar of Hepliaklqana.
  7370 | D:7      | Found a faded altar of an unknown god.
  7488 | D:8      | Found a shadowy altar of Dithmenos.
  7489 | D:8      | Found an ornate altar of the Wu Jian Council.
  7605 | D:8      | Reached ** piety under Okawaru
  7741 | D:8      | Reached skill level 10 in Maces & Flails
  7741 | D:8      | Reached XP level 10. HP: 62/64 MP: 12/12
  7932 | D:8      | Noticed Joseph
  7957 | D:8      | Killed Joseph
  8558 | D:9      | Noticed Pikel
  8583 | D:9      | Killed Pikel
  8583 | D:9      | Reached *** piety under Okawaru
  8583 | D:9      | Reached skill level 8 in Fighting
  8984 | D:9      | Found a hide-covered altar of Uskayaw.
  9204 | D:9      | Found a stormy altar of Qazlal.
  9410 | D:9      | Found a staircase to the Orcish Mines.
  9474 | D:10     | Entered Level 10 of the Dungeon
  9718 | D:10     | Reached **** piety under Okawaru
  9723 | D:10     | Reached skill level 5 in Invocations
  9958 | D:10     | Found a staircase to the Lair.
 10157 | D:11     | Noticed a purple ugly thing
 10207 | D:11     | Killed a purple ugly thing
 10207 | D:11     | Reached ***** piety under Okawaru
 10207 | D:11     | Reached XP level 11. HP: 31/69 MP: 15/15
 10218 | D:11     | Reached skill level 9 in Fighting
 10582 | D:11     | Noticed a white ugly thing
 10593 | D:11     | Killed a white ugly thing
 11379 | D:12     | Noticed a manticore
 11565 | D:12     | Received a gift from Okawaru
 11611 | D:12     | Noticed a wolf spider
 11620 | D:12     | Killed a wolf spider
 11686 | D:12     | Noticed a manticore
 11700 | D:12     | Killed a manticore
 11718 | D:12     | Killed a manticore
 11947 | D:12     | Noticed a cyclops
 11965 | D:12     | Killed a cyclops
 12271 | D:12     | Identified 2 scrolls of acquirement
 12384 | D:13     | Noticed a manticore
 12390 | D:13     | Killed a manticore
 12598 | D:13     | Reached ****** piety under Okawaru
 12632 | D:13     | Noticed a two-headed ogre
 12642 | D:13     | Killed a two-headed ogre
 12642 | D:13     | Received a gift from Okawaru
 12642 | D:13     | Reached skill level 10 in Fighting
 12642 | D:13     | Reached XP level 12. HP: 60/77 MP: 17/17
 12658 | D:13     | Found a runed gate.
 12659 | D:13     | Found a runed gate.
 12660 | D:13     | Found a runed gate.
 12662 | D:13     | Noticed Wokom's ghost (novice FoEn)
 12743 | D:13     | Found a frozen archway.
 12816 | D:13     | Found Plog's Food Emporium.
 13049 | D:13     | Reached skill level 10 in Armour
 13313 | D:14     | Noticed a four-headed hydra
 13323 | D:13     | Received a gift from Okawaru
 13665 | D:13     | Killed a four-headed hydra
 14582 | D:14     | Noticed a centaur warrior
 14591 | D:14     | Killed a centaur warrior
 14599 | D:14     | Noticed a great orb of eyes
 14614 | D:14     | Paralysed by a wizard for 6 turns
 14631 | D:14     | Paralysed by a great orb of eyes for 5 turns
 14636 | D:14     | Killed a great orb of eyes
 14636 | D:14     | Reached skill level 11 in Fighting
 14673 | D:14     | Reached XP level 13. HP: 73/84 MP: 19/19
 14729 | D:14     | Noticed an ogre mage
 14768 | D:14     | Killed an ogre mage
 14768 | D:14     | Received a gift from Okawaru
 15713 | D:14     | Reached skill level 15 in Maces & Flails
 15752 | D:14     | Reached skill level 12 in Fighting
 15912 | D:14     | Found a gate to the Vaults.
 16045 | D:15     | Entered Level 15 of the Dungeon
 16136 | D:15     | Found a labyrinth entrance.
 16144 | Lab      | Entered a labyrinth
 16491 | Lab      | Noticed a minotaur
 16508 | Lab      | Killed a minotaur
 17051 | D:15     | Noticed a dire elephant
 17071 | D:15     | Killed a dire elephant
 17269 | D:15     | Found a staircase to the Depths.
 17532 | D:15     | Received a gift from Okawaru
 17678 | D:15     | Noticed a fire dragon
 17695 | D:15     | Killed a fire dragon
 17695 | D:15     | Reached skill level 13 in Fighting
 17695 | D:15     | Gained mutation: Your large and strong wings let you fly indefinitely. [Gargoyle growth]
 17695 | D:15     | Reached XP level 14. HP: 56/94 MP: 20/20
 18091 | Lair:1   | Entered Level 1 of the Lair of Beasts
 18478 | Lair:1   | Reached skill level 1 in Evocations
 18996 | Lair:2   | Reached skill level 14 in Fighting
 19034 | Lair:2   | Found a staircase to the Swamp.
 19068 | Lair:2   | Found a transporter.
 19622 | Lair:2   | Noticed Nergalle
 19640 | Lair:2   | Killed Nergalle
 19834 | Lair:2   | Received a gift from Okawaru
 19884 | Lair:2   | Found a transporter.
 20216 | Lair:3   | Noticed Sonja
 20223 | Lair:3   | Killed Sonja
 20711 | Lair:4   | Noticed Rupert
 20713 | Lair:4   | Noticed Snorg
 20739 | Lair:3   | Killed Rupert
 20739 | Lair:3   | Reached skill level 15 in Fighting
 20970 | Lair:4   | Killed Snorg
 21167 | Lair:4   | Found a hole to the Spider Nest.
 22224 | Lair:5   | Reached skill level 5 in Evocations
 22362 | Lair:5   | Found a staircase to the Slime Pits.
 22367 | Lair:5   | Reached XP level 15. HP: 85/104 MP: 21/21
 22445 | Lair:5   | Found a viscous altar of Jiyva.
 22457 | Lair:5   | Received a gift from Okawaru
 22478 | Lair:5   | Found a runed gate.
 22659 | Lair:5   | Reached skill level 16 in Fighting
 22892 | Lair:5   | Found a runed gate.
 22894 | Lair:5   | Found a runed gate.
 22895 | Lair:5   | Found a viscous altar of Jiyva.
 22895 | Lair:5   | Noticed Nuby's ghost (journeyman DEEE)
 23135 | Lair:6   | Entered Level 6 of the Lair of Beasts
 23701 | Lair:6   | Received a gift from Okawaru
 24052 | Lair:6   | Got a twitching golden ring
 24349 | Lair:6   | Reached skill level 17 in Fighting
 24393 | Lair:6   | Identified the ring "Nairch Liutyd" {Slay+2 Stlth-} (You found it on level 6 of the Lair of Beasts)
 24759 | Orc:1    | Entered Level 1 of the Orcish Mines
 25781 | Orc:2    | Entered Level 2 of the Orcish Mines
 26589 | Orc:2    | Received a gift from Okawaru
 27073 | Orc:2    | Found Coehav's Food Emporium.
 27073 | Orc:2    | Found Haerud Zoddu's Distillery.
 27073 | Orc:2    | Found Pihochu's Antique Weapon Shop.
 27080 | Orc:2    | Found Byruge Noeh's Weapon Shoppe.
 27256 | Orc:2    | Found a staircase to the Elven Halls.
 27801 | Swamp:1  | Entered Level 1 of the Swamp
 28099 | Swamp:1  | Received a gift from Okawaru
 28254 | Swamp:1  | HP: 5/108 [alligator (12)]
 28634 | Lair:2   | Reached skill level 18 in Fighting
 28634 | Lair:2   | Reached XP level 16. HP: 79/114 MP: 22/22
 29887 | Swamp:1  | Received a gift from Okawaru
 29898 | Swamp:1  | Got a distressingly furry buckler {god gift}
 29906 | Swamp:1  | Identified the +2 buckler "Tejaofeb" {Str+4 Int-2} (Okawaru gifted it to you on level 1 of the Swamp)
 30376 | Swamp:2  | Reached skill level 1 in Shields
 31047 | Swamp:2  | Found an ornate altar of the Wu Jian Council.
 32098 | Swamp:3  | Reached skill level 19 in Fighting
 32211 | Swamp:3  | Received a gift from Okawaru
 32633 | Swamp:4  | Entered Level 4 of the Swamp
 32889 | Swamp:4  | Noticed a tentacled monstrosity
 32910 | Swamp:4  | Killed a tentacled monstrosity
 32992 | Swamp:4  | Noticed a thorn hunter
 33188 | Swamp:4  | Killed a thorn hunter
 33373 | Swamp:3  | Reached XP level 17. HP: 121/123 MP: 23/23
 33635 | Swamp:3  | Received a gift from Okawaru
 33865 | Swamp:4  | Reached skill level 20 in Fighting
 34901 | Swamp:4  | Received a gift from Okawaru
 34960 | Swamp:4  | Got a decaying rune of Zot
 35304 | Spider:1 | Entered Level 1 of the Spider Nest
 35802 | Spider:1 | Reached skill level 21 in Fighting
 36944 | Spider:1 | Received a gift from Okawaru
 37571 | Spider:2 | Reached XP level 18. HP: 126/132 MP: 24/24
 37589 | Spider:2 | Received a gift from Okawaru
 37607 | Spider:2 | Got an ancient great mace {god gift}
 37614 | Spider:2 | Identified the +5 great mace "Zuleppob" {flame, Str+4 Dex+4} (Okawaru gifted it to you on level 2 of the Spider Nest)
 38083 | Spider:3 | HP: 6/133 [redback (13)]
 38155 | Spider:3 | Received a gift from Okawaru
 38508 | Spider:3 | Noticed Arachne
 38529 | Spider:3 | Killed Arachne
 38599 | Spider:3 | Found a runed door.
 38599 | Spider:3 | Noticed Yxynavorch's ghost (adept DsTm)
 38691 | Spider:3 | Reached skill level 22 in Fighting
 38771 | Spider:3 | Noticed Kirke
 38797 | Spider:3 | Killed Kirke
 39199 | Spider:4 | Entered Level 4 of the Spider Nest
 39924 | Spider:3 | Reached skill level 15 in Armour
 40260 | Spider:4 | Noticed Agnes
 40289 | Spider:4 | Killed Agnes
 40635 | Spider:4 | Received a gift from Okawaru
 41512 | Spider:4 | Received a gift from Okawaru
 41512 | Spider:4 | Reached XP level 19. HP: 128/140 MP: 25/25
 41641 | Spider:4 | Reached skill level 5 in Shields
 41992 | Spider:4 | Got a gossamer rune of Zot
 42363 | Vaults:1 | Entered Level 1 of the Vaults
 42418 | Vaults:1 | Found a ruined gateway.
 42547 | Desolati | Entered the Desolation of Salt
 43472 | Desolati | Received a gift from Okawaru
 43783 | Desolati | Reached skill level 10 in Shields
 44001 | Desolati | Identified Ceghot's Papyrus of Creative Orientation
 44009 | Desolati | Identified Vehumet's Volume of Fate
 44324 | Desolati | Identified the Disquisition on Transformation
 44333 | Desolati | Got a clouded bronze ring
 44334 | Desolati | Identified the ring of Modesty {*Corrode +Inv rF+ SInv} (You found it in the Desolation of Salt)
 44784 | Vaults:1 | Received a gift from Okawaru
 45101 | Vaults:1 | Received a gift from Okawaru
 45103 | Vaults:1 | Reached XP level 20. HP: 140/147 MP: 26/26
 45238 | Vaults:1 | Received a gift from Okawaru
 45259 | Vaults:1 | Identified a +1 pair of boots of running (Okawaru gifted it to you on level 1 of the Vaults)
 46448 | Vaults:1 | Reached skill level 15 in Shields
 46458 | Vaults:1 | Paralysed by a wizard for 4 turns
 46471 | Vaults:1 | Reached skill level 23 in Fighting
 46613 | Vaults:2 | Noticed Jory
 46649 | Vaults:2 | Killed Jory
 47273 | Vaults:2 | Received a gift from Okawaru
 48501 | Vaults:3 | Received a gift from Okawaru
 48774 | Vaults:3 | Received a gift from Okawaru
 48880 | Vaults:3 | Found Gato's Gadget Emporium.
 49322 | Vaults:3 | Reached XP level 21. HP: 139/155 MP: 27/27
 49637 | Vaults:3 | Found a staircase to the Crypt.
 49907 | Vaults:3 | Received a gift from Okawaru
 49945 | Vaults:3 | Got a fine morningstar {god gift}
 49946 | Vaults:3 | Identified the +4 morningstar "Huotoc" {vamp, rElec rF- rN+} (Okawaru gifted it to you on level 3 of the Vaults)
 49993 | Vaults:3 | Found a roughly hewn altar of Beogh.
 50278 | Vaults:3 | Reached skill level 24 in Fighting
 50740 | Vaults:3 | Received a gift from Okawaru
 51178 | Vaults:4 | Noticed Mara
 51474 | Depths:1 | Entered Level 1 of the Depths
 51762 | Depths:1 | Got a bloodstained cloak
 51773 | Depths:1 | Identified the +0 cloak of the Mackerel {rElec rC++ Regen+ rCorr} (You acquired it on level 1 of the Depths)
 51974 | Depths:1 | Found a one-way gate leading to the halls of Pandemonium.
 52337 | Depths:1 | Found a one-way gate to the infinite horrors of the Abyss.
 52344 | Depths:1 | Found a shattered altar of Ashenzari.
 52469 | Depths:1 | Received a gift from Okawaru
 52879 | Depths:1 | Found a gateway to Hell.
 52977 | Depths:1 | Reached XP level 22. HP: 163/163 MP: 29/29
 53442 | Depths:2 | Reached skill level 10 in Evocations
 53534 | Depths:2 | Noticed a juggernaut
 53552 | Depths:2 | Killed a juggernaut
 53588 | Depths:2 | Received a gift from Okawaru
 53723 | Depths:2 | Reached skill level 25 in Fighting
 54145 | Depths:2 | Found a gateway to a ziggurat.
 54150 | Depths:2 | Found a runed door.
 54151 | Depths:2 | Noticed Toqiten's ghost (adept OgFE)
 54311 | Depths:2 | Received a gift from Okawaru
 54314 | Depths:2 | Identified the +0 pair of boots of Pessimism {+Blink Int+4} (Okawaru gifted it to you on level 2 of the Depths)
 54427 | Depths:2 | Noticed Saint Roka
 54508 | Depths:1 | Killed Saint Roka
 55646 | Depths:3 | Reached XP level 23. HP: 153/170 MP: 30/30
 56417 | Depths:4 | Received a gift from Okawaru
 56499 | Depths:4 | Noticed Margery
 56517 | Depths:4 | Killed Margery
 56803 | Depths:4 | Reached skill level 26 in Fighting
 56949 | Depths:4 | Got a pair of polished gloves
 56960 | Depths:4 | Identified the +0 pair of gloves of Courage {rCorr} (You found it on level 4 of the Depths)
 57111 | Depths:4 | Received a gift from Okawaru
 57392 | Depths:5 | Entered Level 5 of the Depths
 57409 | Depths:5 | Found Cunla's Assorted Antiques.
 57455 | Depths:5 | Found Doestruab's Food Emporium.
 57504 | Depths:5 | Found Xanakor's Gadget Shoppe.
 57521 | Depths:5 | Found Redob's Book Shoppe.
 58028 | Depths:5 | Reached XP level 24. HP: 160/178 MP: 30/30
 58107 | Depths:5 | Found a gate to the Realm of Zot.
 58113 | Depths:5 | Received a gift from Okawaru
 58946 | Depths:5 | Paralysed by a floating eye for 3 turns
 59296 | Vaults:4 | Received a gift from Okawaru
 59914 | Vaults:4 | Killed Mara
 60173 | Vaults:5 | Entered Level 5 of the Vaults
 60360 | Vaults:4 | Received a gift from Okawaru
 60625 | Vaults:4 | Received a gift from Okawaru
 61021 | Vaults:4 | Reached XP level 25. HP: 155/184 MP: 26/30
 61110 | Vaults:5 | Received a gift from Okawaru
 61715 | Vaults:5 | Got a silver rune of Zot
 61724 | Vaults:5 | Identified the Almanac of Contamination and Enchantment
 61822 | Vaults:5 | Found the +3 hat of Pondering {ponderous, MR+ MP+10 Int+5}
 61875 | Vaults:5 | Cast into level 3 of the Abyss (a deep elf demonologist)
 61906 | Abyss:3  | Found a transporter.
 61990 | Abyss:3  | Found a transporter.
 62006 | Vaults:5 | Escaped the Abyss
 62225 | Vaults:5 | Received a gift from Okawaru
 62463 | Vaults:5 | Gained mutation: Scrolls take you a little longer to read. [a cacodemon]
 62467 | Vaults:4 | Cast into level 2 of the Abyss (a deep elf sorcerer)
 62467 | Abyss:2  | Found a corrupted altar of Lugonu.
 62586 | Vaults:4 | Escaped the Abyss
 63230 | Vaults:5 | Reached XP level 26. HP: 157/190 MP: 30/30
 63308 | Vaults:5 | Received a gift from Okawaru
 63375 | Vaults:5 | Identified the +2 pair of boots "Isuh" {Str+4 SInv} (Okawaru gifted it to you on level 5 of the Vaults)
 63454 | Vaults:5 | Found Wohipnit's Jewellery Shop.
 64223 | Slime:1  | Entered Level 1 of the Pits of Slime
 64461 | Lair:5   | Killed Nuby's ghost
 64512 | Slime:1  | Gained mutation: You occasionally shout uncontrollably at your foes. [a shining eye]
 64513 | Slime:1  | Gained mutation: Your muscles are strong. (Str +2) [a shining eye]
 64730 | Slime:1  | Received a gift from Okawaru
 65144 | Slime:4  | Gained mutation: Your spells are a little harder to cast, but a little more powerful. [a shining eye]
 65230 | Slime:4  | Gained mutation: You tend to lose your temper in combat. [a shining eye]
 65600 | Slime:5  | Entered Level 5 of the Pits of Slime
 65682 | Slime:5  | Noticed the Royal Jelly
 65735 | Slime:5  | Killed the Royal Jelly
 65999 | Slime:5  | Got a slimy rune of Zot
 66011 | Slime:5  | Identified Sif Muna's Collected Works on the Unstable Rocks
 66038 | Slime:5  | Identified Sif Muna's Almanac of Poison and the Entourage
 66139 | Slime:2  | Lost mutation: Your muscles are strong. (Str +2) [a shining eye]
 66182 | Lair:5   | Got a sparkling platinum ring
 66185 | Lair:5   | Identified the ring of Munwus {+Inv rPois rN+ MR+ Str+4} (You acquired it on level 5 of the Lair of Beasts)
 67245 | Elf:1    | Entered Level 1 of the Elven Halls
 67357 | Elf:1    | Identified Asmodeus's Disquisition on the Entourage
 67392 | Elf:1    | Received a gift from Okawaru
 67505 | Elf:1    | Noticed Azrael
 67516 | Elf:1    | Killed Azrael
 67637 | Elf:1    | Found Miaff's Book Emporium.
 67764 | Elf:1    | Lost mutation: Scrolls take you a little longer to read. [potion of mutation]
 67764 | Elf:1    | Lost mutation: You tend to lose your temper in combat. [potion of mutation]
 67764 | Elf:1    | Gained mutation: You evolve. [potion of mutation]
 67764 | Elf:1    | Gained mutation: You have a pair of small horns on your head. [potion of mutation]
 67906 | Elf:1    | Reached skill level 10 in Invocations
 68886 | Elf:2    | Found a huge runed gate.
 68886 | Elf:2    | Found a huge runed gate.
 68886 | Elf:2    | Found a huge runed gate.
 68886 | Elf:2    | Found a huge runed gate.
 68887 | Elf:2    | Found a huge runed gate.
 68932 | Elf:3    | Entered Level 3 of the Elven Halls
 69337 | Elf:3    | Received a gift from Okawaru
 69533 | Elf:3    | Identified the ring of Vecen {+Inv rPois Str+3 Stlth+} (You took it off a deep elf annihilator on level 3 of the Elven Halls)
 69567 | Elf:3    | Identified the ring "Judwi" {Int+2 SInv} (You found it on level 3 of the Elven Halls)
 69569 | Elf:3    | Identified the +6 plate armour of Rezesa {-Cast rCorr Str+7 Int+4} (You found it on level 3 of the Elven Halls)
 69571 | Elf:3    | Identified the +4 plate armour of the Illusory Shrikes {rPois Int+4} (You found it on level 3 of the Elven Halls)
 69715 | Elf:3    | Reached XP level 27. HP: 188/196 MP: 31/31
 69748 | Elf:3    | Gained mutation: You have sharp fingernails. [evolution]
 70110 | Elf:3    | Gained mutation: You are frail. (-10% HP) [a neqoxec]
 70198 | Elf:3    | Found the +3 Elemental Staff {rElec rF++ rC++ MR++ AC+5}
 70198 | Elf:3    | Identified the ring "Maigusoe" {Fire Int+4} (You found it on level 3 of the Elven Halls)
 70244 | Elf:3    | Identified the +1 plate armour "Feomot Gani" {+Inv SInv} (You found it on level 3 of the Elven Halls)
 70256 | Elf:3    | Identified the Papyrus of Transmigration
 70753 | Zot:1    | Entered Level 1 of the Realm of Zot
 70779 | Zot:1    | Received a gift from Okawaru
 71208 | Zot:1    | Noticed an orb of fire
 71226 | Zot:1    | Gained mutation: Your magical capacity is low. (-10% MP) [an orb of fire]
 71228 | Zot:1    | Killed an orb of fire
 71480 | Zot:1    | Identified the Collected Works on the Venomous Frostbite
 71927 | Zot:2    | Received a gift from Okawaru
 72144 | Zot:2    | Noticed an orb of fire
 72166 | Zot:2    | Gained mutation: You are very frail. (-20% HP) [an orb of fire]
 72168 | Zot:2    | Killed an orb of fire
 72242 | Zot:2    | Noticed an orb of fire
 72248 | Zot:2    | Gained mutation: You are dopey. (Int -2) [an orb of fire]
 72261 | Zot:2    | Lost mutation: Your spells are a little harder to cast, but a little more powerful. [an orb of fire]
 72264 | Zot:2    | Killed an orb of fire
 72595 | Zot:2    | Received a gift from Okawaru
 73041 | Zot:3    | Received a gift from Okawaru
 73081 | Zot:3    | Reached skill level 15 in Invocations
 73883 | Zot:4    | Noticed an orb of fire
 73990 | Zot:4    | HP: 4/156 [black draconian/bolt of lightning (10)]
 74007 | Zot:4    | Noticed an orb of fire
 74023 | Zot:4    | Gained mutation: Scrolls take you a little longer to read. [an orb of fire]
 74546 | Zot:4    | Gained mutation: You are extremely frail. (-30% HP) [an orb of fire]
 74555 | Zot:4    | Killed an orb of fire
 74555 | Zot:4    | Received a gift from Okawaru
 74690 | Zot:4    | Killed an orb of fire
 74891 | Zot:4    | Found an ancient bone altar of Kikubaaqudgha.
 75825 | Zot:5    | Entered Level 5 of the Realm of Zot
 75839 | Zot:5    | Received a gift from Okawaru
 76561 | Zot:5    | Noticed an ancient lich
 76576 | Zot:5    | Killed an ancient lich
 76601 | Zot:5    | Received a gift from Okawaru
 76984 | Zot:5    | Noticed an orb of fire
 77171 | Zot:5    | Killed from afar by an orb of fire

Skill      XL: |  1  2  3  4  5  6  7  8  9 10 11 12 13 14 15 16 17 18 19 20 21 22 23 24 25 26 27 |
---------------+----------------------------------------------------------------------------------+-----
Armour         | 1 2 3 4 5 7 8 9 10 12 14 15 16 18 19 20 | 20.5
Fighting       | 3 4 5 6 7 8 10 11 13 15 18 19 21 22 23 24 25 26 | 26.0
Maces & Flails | 4 5 6 8 10 11 12 14 16 18 20 | 20.0
Invocations    | 3 5 7 8 11 20 | 20.9
Evocations     | 5 7 9 10 12 | 12.7
Shields        | 4 13 15 17 21 24 25 | 25.0
Throwing       | |  1.7
Dodging        | |  2.4

Action                   |  1- 3 |  4- 6 |  7- 9 | 10-12 | 13-15 | 16-18 | 19-21 | 22-24 | 25-27 || total
-------------------------+-------+-------+-------+-------+-------+-------+-------+-------+-------++-------
Melee: Flail             |   142 |   262 |   556 |       |       |       |       |       |       ||   960
       Morningstar       |       |       |     9 |   398 |       |   157 |       |       |       ||   564
       Dire flail        |       |       |       |   373 |  1763 |   178 |       |       |       ||  2314
       Demon whip        |       |       |       |       |       |  1744 |  2459 |  2047 |       ||  6250
       Eveningstar       |       |       |       |       |       |       |       |   281 |  2741 ||  3022
       Headbutt          |       |       |       |       |       |       |       |       |   451 ||   451
Throw: Throwing net      |       |       |       |       |     1 |       |       |       |       ||     1
Invok: Heroism           |       |       |       |       |     3 |       |     1 |     2 |     2 ||     8
       Finesse           |       |       |       |       |     1 |     1 |     2 |     1 |     9 ||    14
 Abil: Fly               |       |       |       |       |       |       |       |     3 |     2 ||     5
       Stop Flying       |       |       |       |       |       |       |       |     3 |     2 ||     5
Evoke: Wand              |       |       |       |       |     1 |     8 |       |       |       ||     9
       Lamp of fire      |       |       |       |       |       |       |     3 |       |     4 ||     7
       Fan of gales      |       |       |       |       |       |       |       |       |     1 ||     1
  Use: Potion            |       |       |     1 |     3 |     6 |     6 |       |     2 |    11 ||    29
       Scroll            |       |       |    15 |    11 |    11 |    11 |     7 |     5 |    24 ||    84
 Stab: Paralysed         |       |       |       |       |     1 |    10 |       |       |       ||    11
       Petrified         |       |       |       |       |     3 |       |       |       |       ||     3
       Petrifying        |       |       |       |       |     1 |       |       |       |       ||     1
       Confused          |       |       |       |       |       |       |       |     2 |     1 ||     3
       Distracted        |       |       |       |       |       |       |       |       |     1 ||     1
  Eat: Chunk             |     2 |     6 |    12 |    19 |    38 |    29 |    20 |    24 |    17 ||   167
       Ration            |       |       |     2 |     1 |     3 |     3 |     5 |     1 |    10 ||    25
Armor: Leather armour    |     7 |       |       |       |       |       |       |       |       ||     7
       Ring mail         |    80 |   135 |   215 |       |       |       |       |       |       ||   430
       Chain mail        |       |       |    80 |   130 |   210 |  1319 |   148 |       |       ||  1887
       Plate armour      |       |       |       |   425 |   822 |       |   582 |   791 |   568 ||  3188
       Quicksilver drago |       |       |       |       |       |       |       |       |   623 ||   623
Dodge: Dodged            |   125 |   155 |   293 |   440 |   840 |  1038 |   486 |   527 |   653 ||  4557
Block: Buckler           |       |       |       |       |       |   476 |       |       |       ||   476
       Shield            |       |       |       |       |       |       |  1001 |   954 |       ||  1955
       Large shield      |       |       |       |       |       |       |       |   317 |  2799 ||  3116
